 Dungeon Crawl Stone Soup version 0.28-a0-1227-ga9037bb4c8 (webtiles) character file.

Game seed: 8416130197784362379

1162 flotson the Skirmisher (level 8, -5/62 HPs)
             Began as a Demonspawn Gladiator on Dec 22, 2021.
             Was an Initiate of Gozag.
             Slain by a sixfirhy (7 damage)
             ... summoned by a kobold demonologist
             ... on level 6 of the Dungeon.
             The game lasted 00:11:54 (6616 turns).

flotson the Skirmisher (Demonspawn Gladiator)       Turns: 6616, Time: 00:11:56

Health: -5/62      AC: 17    Str: 17    XL:     8   Next: 17%
Magic:  8/8        EV:  8    Int:  9    God:    Gozag
Gold:   208        SH:  7    Dex: 15    Spells: 7/7 levels left

rFire   + . .      SeeInvis .   a - +2 dagger (drain)
rCold   . . .      Faith    .   E - +0 buckler
rNeg    . . .      Spirit   .   s - +3 chain mail
rPois   .          Reflect  .   (helmet restricted)
rElec   .          Harm     .   (no cloak)
rCorr   .          Rampage  .   (no gloves)
Will    .....                   z - +0 pair of boots
Stlth   ..........              (no amulet)
HPRegen 0.20/turn               m - ring of protection from fire
MPRegen 0.22/turn               c - +4 ring of protection

@: no status effects
A: horns 1, large bone plates 1, demonic guardian 1, magic regeneration
a: Renounce Religion, Potion Petition, Call Merchant, Bribe Branch


You were on level 6 of the Dungeon.
You worshipped Gozag.
Gozag was aware of your devotion.
You visited 1 branch of the dungeon, and saw 6 of its levels.

You collected 239 gold pieces.
You paid 31 gold pieces to Gozag.

Inventory:

Hand Weapons
 a - a +2 dagger of draining (weapon)
 b - a +0 hand crossbow
 i - a +0 war axe
Missiles
 d - 3 throwing nets
 e - 13 poisoned darts (quivered)
 o - 2 atropa-tipped darts
 y - 2 boomerangs of dispersal
 C - 49 bolts
Armour
 s - a +3 chain mail (worn)
 z - a +0 pair of boots (worn)
 E - a +0 buckler (worn)
Jewellery
 c - a +4 ring of protection (right hand)
 m - a ring of protection from fire (left hand)
Scrolls
 h - a scroll of holy word {unknown}
 j - 4 scrolls of noise {unknown}
 k - 5 scrolls of identify {unknown}
 n - 2 scrolls of silence {unknown}
 p - a scroll of summoning {unknown}
 r - 3 scrolls of teleportation {unknown}
 u - a scroll of fear {unknown}
 v - a scroll of amnesia {unknown}
 w - 3 scrolls of enchant weapon {unknown}
 A - 2 scrolls of blinking {unknown}
Potions
 f - a potion of haste {unknown}
 g - 2 potions of flight {unknown}
 l - a potion of resistance {unknown}
 q - a potion of ambrosia {unknown}
 t - 2 potions of degeneration {unknown}
 x - a potion of lignification {unknown}
 B - 2 potions of heal wounds {unknown}
 D - a potion of curing {unknown}


   Skills:
 + Level 5.2 Fighting
 - Level 2.6 Axes
 + Level 2.2 Crossbows
 - Level 3.9 Throwing
 + Level 4.1 Armour
 + Level 5.1 Dodging
 + Level 0.2 Shields


You had 7 spell levels left.
You didn't know any spells.
Your spell library contained the following spells:

 Spells                   Type           Power      Damage    Failure   Level
 Foxfire                  Conj/Fire      0%         2x1d4     100%        1
 Pain                     Necr           0%         1d4       100%        1
 Conjure Flame            Conj/Fire      0%         6-21      100%        3
 Inner Flame              Hex/Fire       0%         N/A       100%        3
 Flame Wave               Conj/Fire      0%         2d4       100%        4
 Agony                    Necr           0%         N/A       100%        5
 Excruciating Wounds      Necr           0%         N/A       100%        5


Dungeon Overview and Level Annotations

Branches:
Dungeon (6/15)
 Temple: D:4-7

Altars:
Ashenzari
Gozag
Nemelex Xobeh


Innate Abilities, Weirdness & Mutations

You have a pair of small horns on your head.
You are partially covered in large bone plates. (SH +4)
A weak demonic guardian rushes to your aid.
You regenerate magic rapidly.


Message History

You block the ufetubus's attack. x3
A kobold demonologist comes into view. It is wielding a +0 dagger.
Unknown command.
You hit the ufetubus but do no damage. The ufetubus hits you.
The ufetubus hits you but does no damage.
An orc priest comes into view. It is wielding a +0 falchion.
The kobold demonologist gestures wildly while chanting.
The ufetubus hits you but does no damage.
The ufetubus closely misses you.
The orc priest shouts!
You hit the ufetubus but do no damage.
The kobold demonologist gestures wildly while chanting.
The ufetubus hits you but does no damage.
You block the ufetubus's attack.
An orc comes into view. It is wielding a +0 war axe.
An orc comes into view. It is wielding a +0 hand axe.
The orc shouts!
A kobold brigand comes into view.
It is wielding a +0 short sword and quivering curare-tipped darts.
Unknown command.
You block the ufetubus's attack. The ufetubus hits you.
The orc moves out of view.
The sixfirhy hits you but does no damage.
The sixfirhy hits you! The sixfirhy shocks you!
You block the sixfirhy's attack. The sixfirhy barely misses you.
The sixfirhy hits you. The sixfirhy shocks you!
* * * LOW HITPOINT WARNING * * *
The sixfirhy hits you but does no damage.
The ufetubus hits you.
* * * LOW HITPOINT WARNING * * *
The ufetubus hits you but does no damage.
You block the sixfirhy's attack.
There is a stone staircase leading up here.
The sixfirhy hits you but does no damage.
The sixfirhy hits you.
* * * LOW HITPOINT WARNING * * *
A demonic guardian appears!
The sixfirhy shocks you!
* * * LOW HITPOINT WARNING * * *
The sixfirhy hits you!
You die...
Your body crumbles into a pile of gold.

..... ..# .#
.....K####.#######.#
#3....#......... .#
#.###.........# .# #
#.K.......#...#.# ##.
#..K......#...... ..###
#.##K...###.....# #.#..
#.##....###.#.#.# #.#.####
#.....3.#@......# #.#.#...
####....#3#.#...# #.#.#.#.
########....55......###.#'#.#.
........##....#....>..........
........##........#...........
........##...###########......
........##...# #......
........##...# #.[....
........##...# #......


You could see a sixfirhy (summoned, ally target), an ufetubus and a friendly
white imp (summoned, wandering).

Vanquished Creatures
  A water moccasin (D:5)
  A black bear (D:4)
  A necrophage (D:4)
  A centaur (D:4)
  An ogre (D:3)
  A phantom (D:3)
  A gnoll sergeant (D:5)
  A scorpion (D:4)
  2 howler monkeys
  A bullfrog zombie (D:5)
  3 orc priests (D:4)
  3 iguanas
  An orc wizard (D:4)
  3 gnolls (D:5)
  4 adders
  An adder skeleton (D:4)
  5 dart slugs
  8 orcs
  9 endoplasms
  5 giant cockroaches
  9 goblins
  5 hobgoblins
  7 jackals
  6 kobolds
  9 quokkas
  8 ball pythons
  7 bats
  3 frilled lizards
  3 rats
110 creatures vanquished.

Vanquished Creatures (collateral kills)
  A hound (D:4)
  An ufetubus (D:4)
  2 orcs (D:4)
4 creatures vanquished.

Vanquished Creatures (others)
  3 plants (D:3)
3 creatures vanquished.

Grand Total: 117 creatures vanquished

Notes
Turn   | Place    | Note
-------+----------+-------------------------------------------
     0 | D:1      | flotson the Demonspawn Gladiator began the quest for the
                  | Orb.
     0 | D:1      | Reached XP level 1. HP: 16/16 MP: 1/1
   390 | D:1      | Gained mutation: You are partially covered in large bone
                  | plates. (SH +4) [demonic ancestry]
   390 | D:1      | Reached XP level 2. HP: 22/22 MP: 2/2
   640 | D:1      | Reached skill level 1 in Armour
   665 | D:1      | Gained mutation: You regenerate magic rapidly. [demonic
                  | ancestry]
   665 | D:1      | Reached XP level 3. HP: 28/28 MP: 3/3
  1607 | D:2      | Reached XP level 4. HP: 26/34 MP: 4/4
  2578 | D:3      | Noticed a phantom
  2607 | D:3      | Killed a phantom
  2608 | D:3      | Reached XP level 5. HP: 7/41 MP: 5/5
  2934 | D:3      | Found a broken altar of Ashenzari.
  3024 | D:3      | Noticed an ogre
  3384 | D:3      | Found a faded altar of an unknown god.
  3477 | D:3      | Killed an ogre
  3478 | D:3      | Gained mutation: A weak demonic guardian rushes to your
                  | aid. [demonic ancestry]
  3478 | D:3      | Reached XP level 6. HP: 48/48 MP: 6/6
  3880 | D:4      | Found a sparkling altar of Nemelex Xobeh.
  4096 | D:4      | Reached XP level 7. HP: 29/54 MP: 7/7
  5092 | D:5      | Entered Level 5 of the Dungeon
  5185 | D:5      | Found an opulent altar of Gozag.
  5191 | D:5      | Became a worshipper of Gozag Ym Sagoz the Greedy
  5629 | D:5      | Reached skill level 1 in Crossbows
  5940 | D:5      | Reached skill level 5 in Fighting
  5940 | D:5      | Reached skill level 5 in Dodging
  5940 | D:5      | Gained mutation: You have a pair of small horns on your
                  | head. [demonic ancestry]
  5940 | D:5      | Reached XP level 8. HP: 55/62 MP: 8/8
  6600 | D:6      | Noticed a kobold demonologist
  6604 | D:6      | Noticed a kobold demonologist
  6606 | D:6      | Noticed a sixfirhy
  6616 | D:6      | HP: 2/62 [sixfirhy[a kobold demonologist] (10)]
  6616 | D:6      | Slain by a sixfirhy

Illustrated notes

Levels and vault maps discovered:
D:1:      psy_arrival_basics, layout_basic, minmay_misc_feat_ornament
D:2:      minmay_door_path, layout_loops_ring
D:3:      cheibrodos_old_hovel, layout_rooms,
          mainiacjoe_overflow_surrounded_room, basic_ecumenical_altar
D:4:      layout_basic, nemelex_xobeh_ov_fountains_minmay,
          kennysheep_generic_room_9
D:5:      layout_rooms, grunt_gozag_statues, minmay_liquid_box,
          chequers_serial_rivers_marsh
D:6:      layout_basic, grunt_tough_drop, uniq_eustachio

Skill      XL: |  1  2  3  4  5  6  7  8 |
---------------+-------------------------+-----
Throwing       | 2 3 |  3.9
Armour         | 1 2 3 4 |  4.1
Dodging        | 3 4 5 |  5.1
Fighting       | 3 4 5 |  5.2
Crossbows      | 1 2 |  2.2
Axes           | |  2.6
Shields        | |  0.2

Action                   |  1- 3 |  4- 6 |  7- 9 || total
-------------------------+-------+-------+-------++-------
Melee: War axe           |    51 |       |       ||    51
       Dagger            |    63 |   200 |   122 ||   385
       Headbutt          |       |       |    10 ||    10
 Fire: Hand crossbow     |       |       |    29 ||    29
Throw: Dart              |       |    21 |       ||    21
Armor: Leather armour    |    13 |       |       ||    13
       Scale mail        |    44 |    18 |       ||    62
       Chain mail        |       |    83 |    94 ||   177
Dodge: Dodged            |    82 |    78 |    67 ||   227
Block: Other             |    15 |    36 |    32 ||    83
       Buckler           |       |       |    11 ||    11

Table legend: (Time is in decaauts)
 A = Elapsed time spent in this place.
 B = Non-inter-level travel time spent in this place.
 C = Inter-level travel time spent in this place.
 D = Time resting spent in this place.
 E = Time spent auto-exploring this place.
 F = Levels seen in this place.
 G = Mean time per level.
                   A        B        C        D        E       F      G
               +--------+--------+--------+--------+--------+-----+--------+
         Total |   6649 |   6265 |    384 |    634 |   4616 |   6 | 1108.2 |
       Dungeon |   6649 |   6265 |    384 |    634 |   4616 |   6 | 1108.2 |
               +--------+--------+--------+--------+--------+-----+--------+

Top non-repeatable levels by time:
     D:4: 1936 daAuts
     D:2: 1565 daAuts
     D:1: 1238 daAuts
     D:5: 927 daAuts
     D:3: 907 daAuts
     D:6: 75 daAuts
